 Dungeon Crawl Stone Soup version 0.22-a0-379-ga9d99d6 (webtiles) character file.

79 BaronVonScrub the Slasher (level 4, -8/44 HPs)
             Began as a Troll Monk on Apr 27, 2018.
             Mangled by Sigmund
             ... wielding a +0 scythe
              (10 damage)
             ... on level 2 of the Dungeon.
             The game lasted 00:08:12 (1434 turns).

BaronVonScrub the Slasher (Troll Monk)              Turns: 1434, Time: 00:08:12

Health: -8/44      AC:  5    Str: 20    XL:     4   Next: 17%
Magic:  3/3        EV: 11    Int:  6    God:
Gold:   74         SH:  0    Dex: 12    Spells: 3/3 levels left

rFire    . . .     SeeInvis .   a - +1 falchion
rCold    . . .     Gourm    +   (no shield)
rNeg     . . .     Faith    .   b - +0 robe
rPois    .         Spirit   .   (helmet restricted)
rElec    .         Reflect  .   (no cloak)
rCorr    .         Harm     .   (gloves unavailable)
MR       .....                  (boots unavailable)
Stlth    ++........             (no amulet)
HPRegen  0.54/turn              (no ring)
MPRegen  0.08/turn              (no ring)

@: no status effects
A: large, unfitting armour, claws 3, fast metabolism 3, gourmand, regeneration
1, shaggy fur 1, tough skin 2
a: no special abilities


You were on level 2 of the Dungeon.
You were very hungry.

You visited 1 branch of the dungeon, and saw 2 of its levels.

You collected 74 gold pieces.

Inventory:

Hand Weapons
 a - a +1 falchion (weapon)
Armour
 b - a +0 robe (worn)
Jewellery
 j - an uncursed ring of loudness
Scrolls
 e - a scroll of remove curse
Comestibles
 c - 3 rations


   Skills:
 + Level 2.8 Fighting
 + Level 3.3 Long Blades
 + Level 3.1 Dodging
 - Level 1.0 Stealth


You had 3 spell levels left.
You didn't know any spells.

Dungeon Overview and Level Annotations

Branches:
Dungeon (2/15)

Altars:

Annotations:
D:2 Sigmund


Innate Abilities, Weirdness & Mutations

You are too large for most types of armour.
You have claws for hands.
Your metabolism is lightning-fast.
You like to eat raw meat.
Your natural rate of healing is unusually fast.
You are covered in fur. (AC +1)
You have very tough skin. (AC +2)


Message History

You hit something. Something hits you.
You barely miss something. Something barely misses you.
You miss something. Something hits you!
You closely miss something. Something hits you!
* * * LOW HITPOINT WARNING * * *
You barely miss something. You hit something. Something hits you!
* * * LOW HITPOINT WARNING * * *
You barely miss something. Something hits you.
* * * LOW HITPOINT WARNING * * *
You miss something. You miss something. Something hits you but does no damage.
You miss something. Something hits you.
* * * LOW HITPOINT WARNING * * *
You hit something. Something hits you but does no damage.
You closely miss something. You closely miss something. Something hits you.
* * * LOW HITPOINT WARNING * * *
You miss something. Something hits you!
You die...

### # # ....#
.. #.#.# ...
#.#####.#.###.
##..
#.............
... #....#....#
#..
#.{@.####..>
#..
#....#.........
#.. .#.##
#.#####... #.)
.#. #.# #.. ...
#.# ##† #.# #.#
#. #.# #.# #.#
#. #.#
#.#####.# #.
#.#
#.####.#.....#
#.


There were no monsters in sight!

Vanquished Creatures
  Robin (D:2)
  An adder (D:2)
  2 dart slugs (D:1)
  2 leopard geckos (D:1)
  2 giant cockroaches (D:1)
  13 goblins
  6 hobgoblins
  4 jackals (D:1)
  A quokka (D:2)
  5 bats
  3 frilled lizards (D:1)
  5 kobolds
  4 rats (D:1)
49 creatures vanquished.

Notes
Turn   | Place    | Note
-------+----------+-------------------------------------------
     0 | D:1      | BaronVonScrub the Troll Monk began the quest for the Orb.
     0 | D:1      | Reached XP level 1. HP: 22/22 MP: 0/0
   196 | D:1      | Reached XP level 2. HP: 21/29 MP: 1/1
   293 | D:1      | Upgraded the game from 0.22-a0-377-g846bec1 to 0.22-a0-379-ga9d99d6
   500 | D:1      | Reached XP level 3. HP: 36/36 MP: 2/2
  1095 | D:2      | Noticed Sigmund
  1112 | D:2      | Found a faded altar of an unknown god.
  1189 | D:2      | Noticed Robin
  1205 | D:2      | Killed Robin
  1224 | D:2      | Reached XP level 4. HP: 21/44 MP: 3/3
  1430 | D:2      | HP: 2/44 [something (3)]
  1434 | D:2      | Mangled by Sigmund

Vault maps used:
D:1:      lightli_arrival_statuegarden
D:2:      fedhas_altar_4, chequers_ecumenical_altar_simple, uniq_robin,
          uniq_sigmund

Skill      XL: |  1  2  3 |
---------------+----------+-----
Long Blades    | 3 |  3.3
Dodging        | 3 |  3.1
Fighting       | |  2.8
Stealth        | |  1.0

Action                   |  1- 3 |  4- 6 || total
-------------------------+-------+-------++-------
Melee: Falchion          |   148 |    27 ||   175
  Use: Scroll            |     7 |       ||     7
       Potion            |     3 |     1 ||     4
 Stab: Sleeping          |     5 |       ||     5
  Eat: Chunk             |     5 |     1 ||     6
       Ration            |     1 |       ||     1
Armor: Robe              |    77 |     5 ||    82
       Skin              |       |     8 ||     8
Dodge: Dodged            |    98 |     9 ||   107
       Rpst.: Falchion   |    30 |     1 ||    31

Table legend:
 A = Spawn XP
 B = Non-spawn XP
 C = Spawn XP percentage of total XP
 D = Spawn monster count
 E = Non-spawn monster count
 F = Spawn count percentage of total count
 G = Total turns spent on level
                    A         B        C        D         E        F      G
               +---------+---------+-------+---------+---------+-------+---------
         Total |       0 |     114 |   0.0 |       0 |      49 |   0.0 |  1434
               +---------+---------+-------+---------+---------+-------+---------
           D:1 |       0 |      52 |   0.0 |       0 |      30 |   0.0 |   859
           D:2 |       0 |      62 |   0.0 |       0 |      19 |   0.0 |   575
               +---------+---------+-------+---------+---------+-------+---------
